 Dungeon Sprint DCSS version 0.17-a0-1718-g72dbe4d (webtiles) character file.

4200000 ztt the Axe Maniac (level 22, -20/212 HPs)
             Began as a Demonspawn Gladiator on Aug 25, 2015.
             Was the Champion of Makhleb.
             Demolished by a destroyer
             ... wielding a +9 great sword of slicing
              (82 damage)
             ... in the Dungeon (Sprint VIII: "Arena of Blood").
             The game lasted 00:01:59 (42 turns).

ztt the Axe Maniac (Demonspawn Gladiator)             Turns: 42, Time: 00:01:59

Health: -20/212    AC: 14    Str: 24    XL:     22   Next: 98%
Magic:  0/53       EV: 31    Int:  9    God:    Makhleb [******]
Gold:   0          SH:  0    Dex: 16    Spells: 0 memorised, 75 levels left

rFire  . . .     SeeInvis .     l - +∞ Axe of Woe
rCold  . . .     Clarity  .     b - +0 leather armour
rNeg   + . .     SustAt   .     (no shield)
rPois  .         Gourm    .     (helmet restricted)
rElec  .         Spirit   +     (no cloak)
rCorr  .         Warding  .     (no gloves)
rMut   .         NoTele   +     (no boots)
MR     +....                    (no amulet)
Stlth  +++++++++.               (no ring)
                                (no ring)

@: somewhat resistant to hostile enchantments, incredibly stealthy
A: horns 2, iridescent scales 3, foul stench 2, negative energy resistance 1,
magic shield, magic regeneration, magic link, rot immunity
a: Minor Destruction, Lesser Servant of Makhleb, Major Destruction, Greater
Servant of Makhleb, Renounce Religion


You were in the Dungeon.
You worshipped Makhleb.
Makhleb was exalted by your worship.
You were not hungry.

You visited 1 branch

Inventory:

Hand weapons
 a - a +0 war axe
 l - the +∞ Axe of Woe (weapon)
   (You found it in the Dungeon)
Missiles
 d - 3 throwing nets (quivered)
Armour
 b - a +0 leather armour (worn)
 c - a +0 helmet
Scrolls
 k - a scroll of blinking
Potions
 f - a potion of curing
 g - a potion of heal wounds
 h - a potion of haste
 i - 2 potions of magic
 j - a potion of berserk rage
Comestibles
 e - a bread ration


   Skills:
 O Level 27 Fighting
 O Level 27 Axes
 O Level 27 Throwing
 O Level 27 Armour
 O Level 27 Dodging
 O Level 27 Stealth
 O Level 27 Unarmed Combat
 O Level 27 Spellcasting
 O Level 27 Invocations


You had 75 spell levels left.
You didn't know any spells.

Dungeon Overview and Level Annotations

Branches:
Dungeon (1/1)

Altars:
Makhleb


Innate Abilities, Weirdness & Mutations

You have a pair of horns on your head.
You are completely covered in iridescent scales (AC +8).
You frequently emit foul miasma when damaged in melee.
You resist negative energy.
When hurt, damage is shared between your health and your magic reserves.
You regenerate magic rapidly.
When low on magic, you restore magic in place of health.
You are immune to rotting.


Message History

The meat berserker rages.
The eight-headed meat hydra calls on the powers of darkness!
The eight-headed meat hydra convulses!
The bag of meat convulses!
Your body is wracked with pain!
The large bag of meat convulses!
The bag of meat convulses!
The meat berserker convulses!
The bag of meat convulses! x3
The meat berserker convulses!
The bag of meat convulses!
The meat berserker convulses!
The bag of meat convulses!
You hear a shout! x3
The large bag of meat is engulfed in roaring flames.
Some corpses begin to drag themselves along the ground!
Some corpses meld into an agglomeration of writhing flesh!
The bag of meat is engulfed in roaring flames.
The bag of meat hits you with a +9 war axe!!
* * * LOW HITPOINT WARNING * * *
The bag of meat is engulfed in roaring flames.
You hear a shout! x2
The destroyer is engulfed in roaring flames.
The destroyer hits you with a +9 great sword of slicing!!!!
You die...

.#.......)_.......
.z.z.....x###......
.oO..###.......###.
....%..#.x..%..#
..%o...#.))....#.
..%...x)x))...%..
.#...O§§§§o...%..
#.....V§§§§......
#.D..o@§CV.....#
#...%o#§§x§....#.
....ooxO§o§§..%#
.....##.#........
..... o%.........
z### ...%#..%..#
..... ......
.............
##.... .=%...


You could see an eight-headed meat hydra, 2 destroyers, 3 sculptors of flesh, a
large bag of meat (inner flame), 3 meat berserkers, 2 small abominations and 8
bags of meat.

Vanquished Creatures
  2 vampire knights (D)
  9 ogres (D)
  A hydra (D)
  25 orcs (D)
  4 hill giants (D)
  A skeletal warrior (D)
42 creatures vanquished.

Notes
Turn   | Place    | Note
--------------------------------------------------------------
     0 | D        | ztt the Demonspawn Gladiator began the quest for the Orb.
     0 | D        | Reached XP level 1. HP: 16/16 MP: 1/1
     3 | D        | Noticed a bag of meat
     3 | D        | Noticed a bag of meat
     4 | D        | Noticed a bag of meat
     4 | D        | Became a worshipper of Makhleb the Destroyer
     5 | D        | Noticed a bag of meat
     5 | D        | Killed a bag of meat
     5 | D        | Reached skill level 10 in Fighting
     5 | D        | Reached skill level 16 in Axes
     5 | D        | Gained mutation: When hurt, damage is shared between your health and your magic reserves. [demonic ancestry]
     5 | D        | Reached XP level 2. HP: 19/36 MP: 2/2
     5 | D        | Reached XP level 3. HP: 22/42 MP: 3/3
     5 | D        | Gained mutation: You have a pair of small horns on your head. [demonic ancestry]
     5 | D        | Reached XP level 4. HP: 25/48 MP: 4/4
     5 | D        | Gained mutation: You regenerate magic rapidly. [demonic ancestry]
     5 | D        | Reached XP level 5. HP: 28/54 MP: 5/5
     5 | D        | Gained mutation: You are partially covered in iridescent scales (AC +4). [demonic ancestry]
     5 | D        | Reached XP level 6. HP: 31/61 MP: 6/6
     5 | D        | Reached XP level 7. HP: 34/67 MP: 7/7
     5 | D        | Reached XP level 8. HP: 37/73 MP: 8/8
     5 | D        | Gained mutation: You have a pair of horns on your head. [demonic ancestry]
     5 | D        | Reached XP level 9. HP: 40/79 MP: 9/9
     5 | D        | Reached XP level 10. HP: 43/86 MP: 10/10
     5 | D        | Gained mutation: When low on magic, you restore magic in place of health. [demonic ancestry]
     5 | D        | Reached XP level 11. HP: 46/92 MP: 11/11
     6 | D        | Noticed a bag of meat
     8 | D        | Killed a bag of meat
     8 | D        | Acquired Makhleb's first power
     8 | D        | Reached skill level 19 in Axes
     8 | D        | Reached skill level 10 in Throwing
     8 | D        | Reached XP level 12. HP: 49/102 MP: 12/12
     9 | D        | Killed a bag of meat
     9 | D        | Reached skill level 20 in Axes
     9 | D        | Gained mutation: You are immune to rotting. [demonic ancestry]
     9 | D        | Reached XP level 13. HP: 92/109 MP: 13/13
    10 | D        | Killed a bag of meat
    10 | D        | Acquired Makhleb's second power
    10 | D        | Reached skill level 21 in Axes
    10 | D        | Reached XP level 14. HP: 97/119 MP: 14/14
    11 | D        | Noticed a bag of meat
    12 | D        | Noticed a bag of meat
    12 | D        | Noticed a bag of meat
    12 | D        | Killed a bag of meat
    12 | D        | Reached skill level 22 in Axes
    13 | D        | Noticed a meat berserker
    14 | D        | Noticed a meat berserker
    14 | D        | Noticed a bag of meat
    14 | D        | Noticed a bag of meat
    15 | D        | Noticed a bag of meat
    15 | D        | Noticed a meat berserker
    17 | D        | Noticed a meat berserker
    18 | D        | Noticed a bag of meat
    18 | D        | Noticed a bag of meat
    18 | D        | Noticed a bag of meat
    18 | D        | Noticed a bag of meat
    19 | D        | Noticed a meat berserker
    19 | D        | Noticed a bag of meat
    19 | D        | Killed a meat berserker
    19 | D        | Acquired Makhleb's third power
    19 | D        | Reached skill level 15 in Fighting
    19 | D        | Reached skill level 25 in Axes
    19 | D        | Gained mutation: You are mostly covered in iridescent scales (AC +6). [demonic ancestry]
    19 | D        | Reached XP level 15. HP: 126/129 MP: 15/15
    19 | D        | Killed a bag of meat
    20 | D        | Noticed a meat berserker
    20 | D        | Killed a meat berserker
    20 | D        | Acquired Makhleb's fourth power
    20 | D        | Reached skill level 27 in Axes
    20 | D        | Reached skill level 15 in Throwing
    20 | D        | Reached skill level 27 in Dodging
    20 | D        | Gained mutation: You resist negative energy. [demonic ancestry]
    20 | D        | Reached XP level 16. HP: 138/143 MP: 16/16
    20 | D        | Killed a bag of meat
    21 | D        | Killed a meat berserker
    21 | D        | Gained mutation: You are completely covered in iridescent scales (AC +8). [demonic ancestry]
    21 | D        | Reached XP level 17. HP: 144/164 MP: 17/17
    21 | D        | Killed a bag of meat
    21 | D        | Acquired Makhleb's fifth power
    21 | D        | Killed a bag of meat
    22 | D        | Killed a meat berserker
    22 | D        | Reached skill level 27 in Fighting
    22 | D        | Gained mutation: You may emit foul miasma when damaged in melee. [demonic ancestry]
    22 | D        | Reached XP level 18. HP: 170/182 MP: 18/18
    22 | D        | Killed a bag of meat
    22 | D        | Reached skill level 27 in Throwing
    22 | D        | Killed a bag of meat
    23 | D        | Noticed a bag of meat
    23 | D        | Killed a meat berserker
    23 | D        | Reached skill level 10 in Armour
    23 | D        | Reached skill level 10 in Unarmed Combat
    23 | D        | Reached skill level 10 in Spellcasting
    23 | D        | Reached XP level 19. HP: 189/189 MP: 18/33
    24 | D        | Noticed a bag of meat
    24 | D        | Noticed a meat berserker
    25 | D        | Killed a bag of meat
    25 | D        | Killed a bag of meat
    25 | D        | Killed a bag of meat
    25 | D        | Reached skill level 15 in Stealth
    25 | D        | Killed a bag of meat
    25 | D        | Reached skill level 15 in Armour
    25 | D        | Reached skill level 15 in Unarmed Combat
    25 | D        | Reached skill level 15 in Spellcasting
    26 | D        | Noticed a bag of meat
    26 | D        | Noticed a destroyer
    26 | D        | Killed a meat berserker
    26 | D        | Reached XP level 20. HP: 197/197 MP: 16/41
    27 | D        | Killed a bag of meat
    27 | D        | Noticed a large bag of meat
    28 | D        | Noticed a bag of meat
    28 | D        | Noticed a bag of meat
    28 | D        | Noticed a large bag of meat
    28 | D        | Killed a meat berserker
    30 | D        | Noticed a meat berserker
    30 | D        | Noticed a large bag of meat
    30 | D        | Noticed an eight-headed meat hydra
    30 | D        | Noticed a bag of meat
    31 | D        | Noticed a bag of meat
    31 | D        | Noticed a bag of meat
    31 | D        | Noticed a bag of meat
    31 | D        | Killed a large bag of meat
    32 | D        | Killed a bag of meat
    32 | D        | Gained mutation: You frequently emit foul miasma when damaged in melee. [demonic ancestry]
    32 | D        | Reached XP level 21. HP: 200/204 MP: 15/45
    32 | D        | Killed a large bag of meat
    32 | D        | Reached skill level 27 in Invocations
    32 | D        | Killed a bag of meat
    33 | D        | Noticed a bag of meat
    33 | D        | Noticed a bag of meat
    33 | D        | Noticed a meat berserker
    33 | D        | Noticed a destroyer
    33 | D        | Noticed a large bag of meat
    33 | D        | Noticed an eight-headed meat hydra
    34 | D        | Noticed a bag of meat
    34 | D        | Noticed a bag of meat
    34 | D        | Noticed a bag of meat
    34 | D        | Killed a nine-headed meat hydra
    35 | D        | Noticed a bag of meat
    35 | D        | Noticed a large bag of meat
    35 | D        | Noticed a destroyer
    35 | D        | Killed a bag of meat
    35 | D        | Killed a meat berserker
    36 | D        | Noticed a sculptor of flesh
    36 | D        | Noticed a meat berserker
    37 | D        | Noticed a destroyer
    37 | D        | Killed a bag of meat
    37 | D        | Killed a large bag of meat
    38 | D        | Noticed a bag of meat
    38 | D        | Killed a bag of meat
    38 | D        | Killed a bag of meat
    38 | D        | Reached XP level 22. HP: 197/212 MP: 4/50
    38 | D        | Killed a large bag of meat
    38 | D        | Killed a bag of meat
    38 | D        | Killed a destroyer
    38 | D        | Reached skill level 27 in Stealth
    39 | D        | Noticed a meat berserker
    39 | D        | Noticed a bag of meat
    39 | D        | Noticed a sculptor of flesh
    39 | D        | Killed a meat berserker
    39 | D        | Killed a sculptor of flesh
    39 | D        | Reached skill level 27 in Armour
    39 | D        | Reached skill level 27 in Unarmed Combat
    39 | D        | Reached skill level 27 in Spellcasting
    40 | D        | Killed a bag of meat
    40 | D        | Killed a destroyer
    41 | D        | Noticed a bag of meat
    41 | D        | Killed a bag of meat
    42 | D        | Noticed a meat berserker
    42 | D        | Noticed a sculptor of flesh
    42 | D        | Noticed a bag of meat
    42 | D        | Noticed a sculptor of flesh
    42 | D        | Demolished by a destroyer

Vault maps used:
D:        meatsprint

Action                   |  1- 3 |  4- 6 |  7- 9 | 10-12 | 13-15 | 16-18 | 19-21 | 22-24 || total
-------------------------+-------+-------+-------+-------+-------+-------+-------+-------++-------
Melee: Executioner's axe |     1 |       |       |     2 |     4 |     3 |    10 |     3 ||    23
